Description

The goal of this build is to create an advantage by killing as many probes possible from two sides while you start your natural expansion and robotics facility. Classic uses this build on Disco Bloodbath LE in game 2 of his match against herO in the quarterfinals of the 2019 GSL Super Tournament 2 to make him surrender at 3:54 after killing 14 probes.

VOD

https://www.twitch.tv/videos/490447762?t=03h35m47s

Build Order

Get SALT Encoding   

  14  0:18  Pylon  chronoboost nexus as pylon completes
  16  0:36  Gateway  
  17  0:46  Assimilator  16th probe rallied to geyser, 2/3 in gas @100%
  18  0:54  Assimilator  17th probe rallied to other geyser, 2/3 in gas @100%
  20  1:14  Gateway  send out probe for proxy pylon
  21  1:25  Cybernetics Core  1 more probe in gas
  22  1:36  Pylon  proxy pylon for stargate, 1 more probe in gas
  23  2:00  Stargate  stop probe production for a moment
  23  2:03  Adept x2  rally adepts toward enemy base
  27  2:07  Warp Gate  
  27  2:10  Probe  last probe
  28  2:18  Pylon  proxy probe dies to scout enemy base
  27  2:33  Stalker  stalker for base defense
  29  2:43  Oracle  chronoboost oracle @100% stargate
  32  3:04  Robotics Facility  
  32  3:20  Nexus  Oracle and adepts should be in enemy base now
  33  3:36  Pylon  
Spawning Tool Build Advisor. Get it on Overwolf

Analysis

At 3:20, simultaneously send two adepts and an oracle to their main mineral line. Your goal is to cripple their economy, so it's okay to lose units.

If they don't outright surrender from this harass, they should be crippled enough for you win with a second attack with a chronoboosted immortal and warp prism reinforcements.

Go to:

Details

  • Created by: Brave
  • Published on: Oct 05, 2019
  • Modified on: Oct 18, 2019
  • Patch: 4.7.1
Show
View Real Time Build Order
Export as new Build Order

Comments (1)

On Jan. 14, 2020, 5:19 a.m., kini767  said:

hola soy joaquin juegos con protoss i pierdo mucha partidas 1vs1 no se que me pasa estoy ya aburrido quisiera mejorar en el stacraft 2 me puedes ayudar

Create an account to comment!